 Dungeon Crawl Stone Soup version 0.29-a0-317-gd16b76e6b1 (webtiles) character file.

Game seed: 2536925355501073373

1635 Morbidden the Ruffian (level 8, -3/74 HPs)
             Began as a Troll Conjurer on Mar 31, 2022.
             Was a Follower of Cheibriados.
             Slain by a yak (8 damage)
             ... on level 6 of the Dungeon.
             The game lasted 00:07:45 (5981 turns).

Morbidden the Ruffian (Troll Conjurer)              Turns: 5981, Time: 00:07:45

Health: -3/74      AC:  5    Str: 19    XL:     8   Next: 66%
Magic:  11/11      EV: 10    Int: 19    God:    Cheibriados [*.....]
Gold:   263        SH:  0    Dex: 11    Spells: 4/12 levels left

rFire   . . .      SeeInvis .     - Unarmed
rCold   . . .      Faith    .   (no shield)
rNeg    . . .      Spirit   .   r - +1 robe {Will+}
rPois   .          Reflect  .   (helmet restricted)
rElec   .          Harm     .   (no cloak)
rCorr   .          Rampage  .   (gloves unavailable)
Will    ++...                   (boots unavailable)
Stlth   ++........              (no amulet)
HPRegen 1.02/turn               h - ring of willpower
MPRegen 0.12/turn               (no ring)

@: very slow
A: large, unfitting armour, claws 3, regeneration 1, shaggy fur 1, tough skin 1
a: Renounce Religion, Bend Time


You were on level 6 of the Dungeon.
You worshipped Cheibriados.
Cheibriados was aware of your devotion.
You visited 2 branches of the dungeon, and saw 8 of its levels.

You collected 263 gold pieces.

Inventory:

Missiles
 t - 2 boomerangs (quivered)
 v - 2 poisoned darts
Armour
 r - a +1 robe of willpower (worn)
Jewellery
 h - a ring of willpower (left claw)
Wands
 n - a wand of iceblast (7)
 q - a wand of flame (21)
Scrolls
 a - a scroll of immolation {unknown}
 c - a scroll of acquirement {unknown}
 d - a scroll of summoning {unknown}
 f - a scroll of enchant weapon {unknown}
 g - 4 scrolls of identify
 i - 3 scrolls of noise
 m - a scroll of teleportation {unknown}
 s - a scroll of blinking
Potions
 b - a potion of magic
 e - a potion of invisibility
 j - a potion of mutation {unknown}
 k - a potion of brilliance
 l - 4 potions of curing
 o - a potion of degeneration {unknown}
 p - a potion of lignification
 u - a potion of flight {unknown}


   Skills:
 * Level 2.8 Fighting
 + Level 0.6 Throwing
 * Level 3.5 Dodging
 + Level 1.5 Stealth
 * Level 6.2 Unarmed Combat
 * Level 2.7 Spellcasting
 * Level 4.6 Conjurations
 * Level 0.8 Transmutations
 * Level 1.8 Invocations


You had 4 spell levels left.
You knew the following spells:

 Your Spells              Type           Power      Damage    Failure   Level
a - Magic Dart            Conj           80%        1d7       2%          1
b - Searing Ray           Conj           40%        2d5       3%          2
q - Blade Hands           Tmut           2%         N/A       97%         5

Your spell library contained the following spells:

 Spells                   Type           Power      Damage    Failure   Level
 Sting                    Tmut/Pois      16%        1d3       13%         1
 Dazzling Flash           Conj/Hex       22%        N/A       19%         3
 Portal Projectile        Hex/Tloc       4%         N/A       43%         3
 Fulminant Prism          Conj/Hex       5%         3d7       52%         4
 Iskenderun's Mystic Bla  Conj/Tloc      11%        2d4       52%         4
 Excruciating Wounds      Necr           1%         N/A       99%         5


Dungeon Overview and Level Annotations

Branches:
Dungeon (7/15)             Temple (1/1) D:4

Altars:
Ashenzari
Cheibriados
Elyvilon
Fedhas
Gozag
Hepliaklqana
Makhleb
Nemelex Xobeh
Okawaru
Ru
Trog
Uskayaw
Vehumet
Wu Jian
Xom
Yredelemnul
Zin
The Shining One

Shops:
D:5 !

Annotations:
D:5 2 transporters


Innate Abilities, Weirdness & Mutations

You are too large for most types of armour.
You have claws for hands.
Your natural rate of healing is unusually fast.
You are covered in fur. (AC +1)
You have tough skin. (AC +1)


Message History

You are too injured to fight recklessly!
You are too injured to fight recklessly!
You are too injured to fight recklessly!
Unknown command.
You barely miss the yak.
The yak is almost dead.
Unknown command.
You barely miss the yak.
The yak is almost dead.
The yak gores you!
* * * LOW HITPOINT WARNING * * *
The yak gores you.
* * * LOW HITPOINT WARNING * * *
Unknown command.
Unknown command.
You scratch the yak.
You kill the yak!
Cheibriados appreciates the change of pace.
The yak closely misses you.
Unknown command.
You barely miss the yak. The yak barely misses you.
You scratch the yak but do no damage. The yak gores you!
* * * LOW HITPOINT WARNING * * *
Unknown command.
You scratch the yak.
The yak is lightly wounded.
The yak barely misses you.
Unknown command.
You claw the yak!
The yak is moderately wounded.
The yak gores you but does no damage.
Unknown command.
You claw the yak!
The yak is heavily wounded.
The yak gores you but does no damage.
Unknown command.
You claw the yak!
The yak is severely wounded.
The yak gores you!
You die...

##### ###.....# ≈...#
#.......#
≈≈..#####.##....#####
≈≈≈..#....#.........##
≈≈.....####..........##
≈≈..##.# #..#.........#
....##.# #.##.........#
≈......#
#.##..†.Y....###
≈≈..####
#.##...@..§!..°#
≈≈≈..##
#.##.......§...#
≈≈≈≈..#
#.##......○.§..#
§≈≈≈..#
#.##.......§...#
≈≈....#
##.##.........°.#
......#
#..##.........###
......###.##..........#
......##.....#.......##
[.........##.##.....##


You could see a yak.

Vanquished Creatures
  2 yaks (D:6)
  A wyvern (D:5)
  Duvessa (D:4)
  A sky beast (D:6)
  A black bear (D:4)
  2 phantoms
  Blork the orc (D:5)
  A gnoll sergeant (D:5)
  Dowan (D:4)
  A howler monkey (D:5)
  A hound (D:4)
  A jelly (D:6)
  2 orc priests (D:3)
  An iguana (D:5)
  2 orc wizards
  Robin (D:4)
  6 gnolls
  17 adders
  A shadow imp (D:7)
  2 white imps
  A worm (D:2)
  3 dart slugs
  12 orcs
  4 ball pythons
  3 bats
  4 endoplasms
  A giant cockroach (D:1)
  16 goblins
  11 hobgoblins
  8 jackals
  4 kobolds
  6 quokkas
  4 frilled lizards
  8 rats
131 creatures vanquished.

Notes
Turn   | Place    | Note
-------+----------+-------------------------------------------
     0 | D:1      | Morbidden the Troll Conjurer began the quest for the Orb.
     0 | D:1      | Reached XP level 1. HP: 16/16 MP: 1/1
   151 | D:1      | Found a faded altar of an unknown god.
   156 | D:1      | Got Plato's Reference Book on Envenoming
   324 | D:1      | Reached XP level 2. HP: 24/24 MP: 2/2
   360 | D:1      | You fall into a shaft and drop 1 floor!
   494 | D:2      | Reached skill level 1 in Unarmed Combat
   494 | D:2      | Reached XP level 3. HP: 13/32 MP: 3/3
   526 | D:2      | Learned a level 2 spell: Searing Ray
   930 | D:2      | Reached skill level 2 in Unarmed Combat
   930 | D:2      | Reached XP level 4. HP: 40/40 MP: 0/5
  1507 | D:3      | Reached skill level 1 in Fighting
  1805 | D:3      | Reached XP level 5. HP: 27/48 MP: 3/6
  1812 | D:3      | Reached skill level 3 in Unarmed Combat
  2544 | D:4      | Noticed a phantom
  2557 | D:4      | Killed a phantom
  2558 | D:4      | Reached XP level 6. HP: 54/57 MP: 1/7
  2861 | D:4      | Noticed Robin
  2896 | D:4      | Killed Robin
  3217 | D:4      | Noticed Duvessa
  3252 | D:4      | Killed Duvessa
  3253 | D:4      | Reached skill level 4 in Unarmed Combat
  3253 | D:4      | Reached XP level 7. HP: 58/65 MP: 9/9
  3256 | D:4      | Noticed Dowan
  3283 | D:4      | Killed Dowan
  3657 | D:4      | Found a staircase to the Ecumenical Temple.
  3662 | Temple   | Entered the Ecumenical Temple
  3757 | Temple   | Became a worshipper of Cheibriados the Contemplative
  3945 | D:5      | Entered Level 5 of the Dungeon
  3951 | D:5      | Noticed a wyvern
  3960 | D:5      | Killed a wyvern
  4209 | D:5      | Found a transporter.
  4293 | D:5      | Reached skill level 5 in Unarmed Combat
  4432 | D:5      | Found Iloxax's Distillery.
  4450 | D:5      | Found a transporter.
  4474 | D:5      | Found a glowing golden altar of the Shining One.
  4549 | D:5      | Noticed Blork the orc
  4563 | D:5      | Killed Blork the orc
  4564 | D:5      | Reached skill level 1 in Invocations
  4564 | D:5      | Reached XP level 8. HP: 14/74 MP: 10/10
  5243 | D:6      | Reached * piety under Cheibriados
  5402 | D:6      | Learned a level 5 spell: Blade Hands
  5591 | D:6      | Found a radiant altar of Vehumet.
  5708 | D:6      | Reached skill level 6 in Unarmed Combat
  5977 | D:6      | HP: 1/74 [yak (9)]
  5981 | D:6      | Slain by a yak

Illustrated notes

Levels and vault maps discovered:
D:1:      scummos_arrival_forest, layout_basic,
          shapermc_ecumenical_altar_rom_forum
D:2:      minmay_recursive_quarters, layout_rooms, grunt_decor_junction
D:3:      layout_loops_ring, nicolae_figureground_sparkle
D:4:      layout_basic, temple_doors_ab, kennysheep_cross_room, uniq_duvessa,
          uniq_robin
D:5:      gammafunk_cloud_chamber, layout_basic,
          mainiacjoe_overflow_cross_hatched, serial_shops,
          nicolae_take_the_stairs, minmay_crystal_water, minivault_19,
          uniq_blork_the_orc
D:6:      layout_rooms, fiery_altar_vehumet, lemuel_old_faithful
D:7:      layout_basic, uniq_maggie
Temple:   minmay_temple_bridge_d

Skill      XL: |  1  2  3  4  5  6  7  8 |
---------------+-------------------------+-----
Conjurations   | 3 4 |  4.6
Unarmed Combat | 1 2 3 4 5 6 |  6.2
Dodging        | 2 3 |  3.5
Fighting       | 1 2 |  2.8
Spellcasting   | 2 |  2.7
Invocations    | 1 |  1.8
Throwing       | |  0.6
Stealth        | |  1.5
Transmutations | |  0.8

Action                   |  1- 3 |  4- 6 |  7- 9 || total
-------------------------+-------+-------+-------++-------
Melee: Unarmed           |   112 |   114 |   176 ||   402
       Punch             |     3 |     6 |     4 ||    13
Throw: Dart              |     2 |     3 |     7 ||    12
       Boomerang         |       |       |     4 ||     4
 Cast: Magic Dart        |    20 |    88 |    28 ||   136
       Searing Ray       |       |     1 |     1 ||     2
  Use: Potion            |       |     1 |     6 ||     7
       Scroll            |       |       |     3 ||     3
 Stab: Sleeping          |       |       |     1 ||     1
Armor: Robe              |    41 |    42 |    48 ||   131
       Skin              |       |       |     6 ||     6
Dodge: Dodged            |    63 |    73 |    99 ||   235

Table legend: (Time is in decaauts)
 A = Elapsed time spent in this place.
 B = Non-inter-level travel time spent in this place.
 C = Inter-level travel time spent in this place.
 D = Time resting spent in this place.
 E = Time spent auto-exploring this place.
 F = Levels seen in this place.
 G = Mean time per level.
                   A        B        C        D        E       F      G
               +--------+--------+--------+--------+--------+-----+--------+
         Total |   6406 |   6140 |    266 |    812 |   4193 |   8 |  800.8 |
       Dungeon |   6221 |   6070 |    151 |    812 |   4130 |   7 |  888.7 |
        Temple |    185 |     71 |    114 |      0 |     63 |   1 |  185.0 |
               +--------+--------+--------+--------+--------+-----+--------+

Top non-repeatable levels by time:
     D:5: 1411 daAuts
     D:4: 1260 daAuts
     D:2: 1140 daAuts
     D:3: 1036 daAuts
     D:6: 802 daAuts
     D:1: 359 daAuts
     D:7: 209 daAuts
  Temple: 185 daAuts
